 Dungeon Crawl Stone Soup version 0.26-a0-597-gb535b0901c (webtiles) character file.

Game seed: 15390541331108013457

(classic levelgen) 337364 EnegeticOcto the Warrior (level 20, -7/206 HPs)
             Began as a Deep Dwarf Fighter on Sept 1, 2020.
             Was the Champion of Makhleb.
             Killed from afar by a Tzitzimitl (21 damage)
             ... with a bolt of cold
             ... summoned by a lich
             ... led by Toimox
             ... on level 1 of the Depths.
             The game lasted 00:21:04 (18403 turns).

EnegeticOcto the Warrior (Deep Dwarf Fighter)      Turns: 18403, Time: 00:21:05

Health: -7/206     AC: 43    Str: 26 (28) XL:     20   Next: 62%
Magic:  17/17      EV:  6    Int: 18 (19) God:    Makhleb [******]
Gold:   655        SH: 15    Dex:  8 (10) Spells: 19/19 levels left

rFire    + . .     SeeInvis .   a - +5 broad axe (drain)
rCold    + + .     Faith    +   c - +0 kite shield
rNeg     + + .     Spirit   .   b - +8 orange crystal plate armour {Archmagi, Int+3 Clar}
rPois    +         Reflect  .   m - +2 helmet
rElec    .         Harm     .   y - +2 ratskin cloak {*Rats rPois rN+ Str-1 Int-1 Dex+1}
rCorr    .         Clarity  +   (no gloves)
MR       ++++.                  Q - +2 pair of boots {Fly}
Stlth    ..........             I - amulet of faith
HPRegen  0.00/turn              g - ring of protection from fire
MPRegen  0.15/turn              T - ring "Eromaun" {+Inv rC++ MR+ Int+8 Dex-3}

@: flying, non-regenerating, hasted, very quick
A: damage resistance, heal wounds, deterioration 1, negative energy resistance
1, sense surroundings 3, no regeneration
0: Orb of Zot
}: 3/15 runes: decaying, abyssal, gossamer
a: Heal Wounds, Minor Destruction, Lesser Servant of Makhleb, Major Destruction,
Greater Servant of Makhleb, Renounce Religion, Evoke Invisibility, Stop Flying


You were on level 1 of the Depths.
You worshipped Makhleb.
Makhleb was exalted by your worship.
You visited 8 branches of the dungeon, and saw 41 of its levels.
You visited the Abyss 1 time.
You visited 1 bazaar.
You also visited: Ossuary.

You collected 2528 gold pieces.
You spent 1873 gold pieces at shops.

Inventory:

Hand Weapons
 a - a +5 broad axe of draining (weapon)
 l - a +2 dagger of distortion
 t - the +14 obsidian axe {vorpal, +Fly SInv *Curse}
   (You found it on level 3 of the Swamp)

   It inflicts extra damage upon your enemies.
   It lets you see invisible.
   It lets you fly.
   It curses itself when equipped.
 M - a +1 broad axe of electrocution
Missiles
 A - 2 throwing nets (quivered)
Armour
 b - the +8 orange crystal plate armour (worn) {Archmagi, Int+3 Clar}
   (You acquired it on level 7 of the Dungeon)

   It affects your intelligence (+3).
   It protects you against confusion.
 c - a +0 kite shield (worn)
 m - a +2 helmet (worn)
 y - the +2 ratskin cloak (worn) {*Rats rPois rN+ Str-1 Int-1 Dex+1}
   (You found it on level 7 of the Dungeon)

   It affects your strength (-1).
   It affects your intelligence (-1).
   It affects your dexterity (+1).
   It protects you from poison.
   It protects you from negative energy.
 Q - a +2 pair of boots of flying (worn)
Jewellery
 e - an uncursed ring of protection from fire
 g - a ring of protection from fire (left hand)
 I - an amulet of faith (around neck)
 R - an uncursed ring of fire {unknown}
 T - the ring "Eromaun" (right hand) {+Inv rC++ MR+ Int+8 Dex-3}
   (You bought it in a shop on level 13 of the Dungeon)

   [ring of protection from magic]

   It affects your intelligence (+8).
   It affects your dexterity (-3).
   It greatly protects you from cold.
   It affects your resistance to hostile enchantments.
   It lets you turn invisible.
Wands
 z - a wand of acid (7) {@v1}
 B - a wand of polymorph (32)
 G - a wand of paralysis (21)
 H - a wand of iceblast (14) {@v2}
 L - a wand of digging (5) {@v3}
 O - a wand of disintegration (13)
Scrolls
 f - a scroll of magic mapping {@r5}
 j - 11 scrolls of remove curse {@r2}
 k - 7 scrolls of teleportation {@r3}
 n - a scroll of silence
 u - a scroll of fear
 v - 3 scrolls of fog
 D - 2 scrolls of vulnerability
 J - 2 scrolls of enchant weapon
 K - 2 scrolls of immolation {@r4}
 S - a scroll of enchant armour
Potions
 d - 3 potions of might {@q3}
 h - 8 potions of heal wounds {@q2}
 i - 7 potions of curing {@q1}
 o - 2 potions of berserk rage
 p - 5 potions of flight
 q - 4 potions of ambrosia
 r - 4 potions of mutation
 s - 3 potions of stabbing {@q5}
 x - a potion of haste {@q4}
 C - a potion of invisibility
 E - 2 potions of lignification {@q7}
 N - a potion of cancellation
 P - 2 potions of magic
Miscellaneous
 F - a condenser vane (2/2)


   Skills:
 * Level 18.7 Fighting
 - Level 18.0 Axes
 + Level 16.4 Armour
 + Level 18.6 Shields
 + Level 18.4 Invocations
 - Level 10.0 Evocations


You had 19 spell levels left.
You didn't know any spells.
Your spell library was empty.

Dungeon Overview and Level Annotations

Branches:
Dungeon (15/15)            Temple (1/1) D:4            Lair (5/6) D:9
  Swamp (4/4) Lair:3       Spider (4/4) Lair:3        Slime (0/5) Lair:5
    Orc (2/2) D:12            Elf (0/3) Orc:2        Vaults (0/5) D:13
 Depths (5/5) D:15            Zot (5/5) Depths:5    Ossuary (visited)

Altars:
Ashenzari
Cheibriados
Dithmenos
Elyvilon
Fedhas
Gozag
Hepliaklqana
Kikubaaqudgha
Makhleb
Nemelex Xobeh
Okawaru
Qazlal
Ru
Sif Muna
Trog
Uskayaw
Vehumet
Wu Jian
Xom
Yredelemnul
Zin
The Shining One
Beogh

Shops:
D:10 :   D:13 ??==   Orc:1 ([   Orc:2 ([*:

Portals:
Hell: Depths:4 Depths:5
Abyss: Depths:4
Pandemonium: Depths:3

Annotations:
D:15 Roxanne
Spider:3 1 exclusion
Orc:2 3 runed translucent doors, Xenophilius's ghost, journeyman NaWr


Innate Abilities, Weirdness & Mutations

You are resistant to damage.
You can heal yourself by infusing magical energy.
You resist negative energy. (rN+)
You passively map a large area around you.
You do not regenerate.
Your body sometimes deteriorates upon taking damage.


Message History

The lich seems to speed up.
The small abomination seems to speed up.
You slice the monstrous blood saint!!
The monstrous blood saint is severely wounded.
You hit the infernal warmonger but do no damage.
You drain the infernal warmonger. You slash the lich!
The Tzitzimitl gestures at you. The bolt of cold hits you. You resist.
The infernal warmonger closely misses you.
The lich closely misses you.
The monstrous blood saint hits you but does no damage.
You block the monstrous blood saint's attack.
The monstrous blood saint gores you but does no damage.
You slice the monstrous blood saint!! You drain the monstrous blood saint!
The monstrous blood saint is almost dead.
You barely miss the infernal warmonger. You hit the lich but do no damage.
You block the lich's attack.
You block the infernal warmonger's attack.
You cut the monstrous blood saint into ribbons!!!
You kill the monstrous blood saint!
Makhleb accepts your kill.
You slice the small abomination!! You hit the lich.
You closely miss the infernal warmonger.
The lich barely misses you.
You block the small abomination's attack.
The infernal warmonger hits you but does no damage.
You miss the small abomination.
The small abomination is severely damaged.
You hit the infernal warmonger but do no damage.
You drain the infernal warmonger. You slash the lich!
The Tzitzimitl calls on the powers of darkness!
Your body is wracked with pain!
Your body deteriorates!
You feel weakened.
The lich mumbles some strange words.
The lich flickers and vanishes!
Deactivating autopickup; reactivate with Ctrl-A.
You block the small abomination's attack.
Your orange crystal plate armour prevents you from hitting the small abomination.
The small abomination is severely damaged.
You closely miss something. You slash the infernal warmonger! You miss Toimox.
The Tzitzimitl calls on the powers of darkness!
Your body is wracked with pain!
* * * LOW HITPOINT WARNING * * *
A river rat scurries out from under your cloak.
Your river rat convulses!
You block the infernal warmonger's attack.
Something touches you but does no damage.
The small abomination barely misses you.
You are too injured to fight recklessly!
You are too injured to fight recklessly!
You are too injured to fight recklessly!
You are too injured to fight recklessly!
You are too injured to fight recklessly!
You are too injured to fight recklessly!
You are too injured to fight recklessly!
You feel much better.
The Tzitzimitl calls on the powers of darkness!
Your body is wracked with pain!
* * * LOW HITPOINT WARNING * * *
Your river rat convulses!
Something completely misses you.
You block the infernal warmonger's attack.
The small abomination hits you but does no damage.
Toimox gestures at you. You resist with some effort.
Something touches you but does no damage.
The small abomination hits you but does no damage.
Your river rat barely misses Toimox.
Okay, then.
You feel much better.
You block the infernal warmonger's attack.
Toimox hits you but does no damage.
Something touches you but does no damage.
You block the small abomination's attack.
Your river rat barely misses Toimox.
You feel yourself speed up.
You block the infernal warmonger's attack.
Something completely misses you.
The small abomination hits you but does no damage.
Toimox gestures at you. The iron shot hits you!!!
* * * LOW HITPOINT WARNING * * *
You block something's attack.
The infernal warmonger hits you but does no damage.
Your river rat barely misses Toimox.
The small abomination barely misses you.
You feel much better. You block Toimox's attack.
You hear some strange, mumbled words.
Something tries to affect you, but you resist.
The small abomination hits you but does no damage.
The infernal warmonger hits you with a +0 vorpal great sword!
* * * LOW HITPOINT WARNING * * *
You are engulfed in flames.
You resist.
* * * LOW HITPOINT WARNING * * *
x2 Your river rat barely misses Toimox.
The Tzitzimitl gestures at you.
The bolt of cold hits the small abomination!!!
The small abomination is destroyed!
The bolt of cold hits you!! You resist.
You die...

* * ..≈≈≈≈. ...≈≈...... *
, ..≈≈≈≈.≈≈≈≈≈≈........ ,
, .......≈≈≈≈≈.........
.........≈≈≈.............
,
,.........................
,
.......#..#.........u....
** .......#.##.....#
......≈ ,,,
,....).{.6.#.$...# ......≈
.....1.>@##....†###..).≈≈
,
......&.###5..).)))((..≈≈
,
.....r....35...)≈).......
*
....##........()≈.(..#...
≈
*...#*#.......)#.≈(((##...
, * ..#
*#........#.≈≈(<..... * ..
##.......#..≈[().... * ,,
, .........##...≈≈≈... ≈
,* ,,
.........####.≈≈≈≈...


You could see Toimox (strong, agile), a Tzitzimitl (summoned, fast), an infernal
warmonger (berserk, misshapen, drained) and a friendly river rat.

Vanquished Creatures
  An ancient lich (Zot:5)
  Saint Roka (Orc:2)
  Margery (Depths:3)
  A caustic shrike (Depths:2)
  Asterion (Spider:2)
  7 Orb Guardians
  6 tentacled monstrosities
  2 deep elf blademasters (Abyss:4)
  A quicksilver dragon (Zot:2)
  3 death cobs
  A sphinx (Depths:2)
  4 tentacled starspawn
  4 thorn hunters
  A shadow dragon (Zot:5)
  6 storm dragons
  3 ghost moths
  2 deep elf sorcerers (Abyss:4)
  A daeva (Abyss:4)
  A draconian knight (Zot:1)
  A blood saint (Depths:1)
  An orc warlord (Orc:2)
  4 frost giants
  Louise (Spider:4)
  2 fire giants
  A draconian shifter (Zot:2)
  A cacodemon (Zot:4)
  7 emperor scorpions
  A draconian scorcher (Zot:2)
  A spriggan defender (Depths:4)
  2 draconian stormcallers
  3 green draconians
  3 very ugly things
  8 stone giants
  A vampire knight (Depths:4)
  A white draconian (Zot:4)
  A dire elephant (Abyss:4)
  A purple draconian (Zot:1)
  8 black draconians
  5 spark wasps
  3 red draconians
  7 yellow draconians
  4 ettins
  9 fire dragons
  5 great orbs of eyes
  2 yaktaur captains (Depths:2)
  Harold (Lair:1)
  A hell beast (Zot:4)
  3 rakshasas
  7 ice dragons
  7 hydras
  3 vault guards (D:13)
  A ghost crab (Swamp:3)
  2 shambling mangroves
  12 two-headed ogres
  4 spriggan air magi
  3 centaur warriors
  6 alligators
  2 deep troll shamans (Depths:4)
  7 hell hogs
  3 ogre magi
  5 tengu warriors
  2 death yaks (Lair:4)
  3 deep troll earth magi
  4 orc high priests (Orc:2)
  A vampire mage (Depths:2)
  Urug (D:13)
  2 spriggan berserkers
  6 thrashing horrors (Abyss:4)
  Nergalle (Lair:4)
  4 wretched stars
  3 sixfirhies
  9 skeletal warriors (D:13)
  2 spatial maelstroms (Abyss:4)
  An unseen horror (shapeshifter) (Depths:1)
  An iron troll (Depths:4)
  A flayed ghost (Depths:4)
  2 glowing orange brains
  3 unseen horrors
  10 deep trolls
  A spriggan druid (Swamp:4)
  8 swamp dragons
  5 hell knights
  A shadow dragon zombie (Depths:4)
  A sea snake (shapeshifter) (Depths:5)
  A wizard (Depths:1)
  4 orc knights
  A torturous demonspawn (Depths:2)
  2 wolf spider zombies
  4 necromancers
  A deep elf mage (D:15)
  9 large abominations
  6 wolf spiders
  A shadow dragon skeleton (Abyss:4)
  5 cyclopes
  10 orb spiders
  A manticore (D:11)
  4 worldbinders (Abyss:4)
  4 orc sorcerers
  24 ugly things
  A moth of wrath (shapeshifter) (Depths:1)
  10 moths of wrath
  12 slime creatures
  2 black mambas
  9 elephants
  A guardian serpent (shapeshifter) (D:15)
  2 apocalypse crabs
  3 gargoyles
  2 water nymphs (Abyss:4)
  4 smoke demons (Abyss:4)
  5 cane toads
  6 yaktaurs
  A hellion (Abyss:4)
  4 demonic crawlers
  A yaktaur (shapeshifter) (Depths:2)
  An efreet (D:15)
  A hellwing (Abyss:4)
  4 komodo dragons
  3 ancient zymes
  2 rime drakes
  3 tengu conjurers
  3 meliai (Spider:2)
  11 jumping spiders
  4 polar bears
  A tyrant leech (Swamp:4)
  12 hornets
  A wind drake (shapeshifter) (D:14)
  11 trolls
  6 raiju
  4 bog bodies (Swamp:4)
  Prince Ribbit (D:8)
  5 blink frogs (Lair:3)
  15 hippogriffs
  A hippogriff (shapeshifter) (Depths:4)
  A fire giant simulacrum (Depths:4)
  3 water elementals
  42 redbacks
  9 tarantellas
  2 vampires
  9 yaks
  3 spriggans (Swamp:3)
  5 wraiths
  2 shadows (D:15)
  3 wyverns
  2 neqoxecs
  A steam dragon (D:8)
  2 chaos spawn
  An elf skeleton (Depths:4)
  16 vampire mosquitoes
  Grum (D:9)
  10 swamp worms
  6 insubstantial wisps
  5 wargs
  5 small abominations (Abyss:4)
  2 hell hounds (Abyss:4)
  11 water moccasins
  A spatial vortex (Abyss:5)
  8 porcupines
  A floating eye (Depths:2)
  4 ice beasts
  2 sky beasts (D:7)
  37 orc warriors
  5 swamp drakes
  An eye of draining (D:13)
  18 ogres
  2 boggarts (Depths:1)
  2 wolves (D:9)
  A swamp dragon skeleton (Abyss:4)
  11 centaurs
  5 crocodiles
  2 big kobolds
  12 bullfrogs
  2 water moccasin zombies (Ossuary)
  3 scorpions
  A water moccasin skeleton (D:11)
  5 jellies
  9 killer bees
  10 wights
  2 centaur zombies
  A bullfrog zombie (D:11)
  A quasit (D:9)
  31 starcursed masses
  6 hounds
  3 centaur skeletons
  20 orc priests
  3 bullfrog skeletons
  34 orc wizards
  6 iguanas
  Natasha (twice) (D:3)
  A hell rat (D:7)
  A polar bear simulacrum (D:12)
  8 worker ants
  2 yak simulacra (D:12)
  4 wolf simulacra (D:12)
  A killer bee zombie (D:9)
  3 big kobold zombies (Ossuary)
  A hound zombie (D:9)
  A hound skeleton (D:8)
  2 mummies (Ossuary)
  A worker ant zombie (D:11)
  10 adders
  10 gnolls
  A howler monkey skeleton (D:5)
  6 river rats (D:7)
  A shadow imp (Depths:3)
  2 white imps
  4 ufetubi
  2 oozes
  9 adder zombies (Ossuary)
  3 adder skeletons
  2 worms
  A dart slug (D:5)
  2 leopard geckos
  92 orcs
  2 giant cockroaches
  2 gnoll zombies (Ossuary)
  2 goblins (D:1)
  3 hobgoblins
  17 jackals
  12 kobolds
  5 quokkas
  A ball python (D:2)
  3 bats (D:1)
  A frilled lizard (D:1)
  4 hobgoblin zombies (Ossuary)
  A jackal skeleton (D:5)
  6 kobold zombies (Ossuary)
  A leopard gecko skeleton (D:4)
  3 orc zombies (Ossuary)
  16 rats
  4 river rat simulacra (D:12)
  A briar patch (Swamp:4)
  A lurking horror (Abyss:4)
  5 starspawn tentacles
1150 creatures vanquished.

Vanquished Creatures (collateral kills)
  A golden dragon (Zot:4)
  An electric golem (Zot:4)
  2 shadow dragons (Depths:5)
  2 tengu reavers
  2 death cobs
  3 storm dragons
  A draconian monk (Depths:5)
  3 ghost moths
  A cacodemon (Depths:5)
  2 very ugly things (Depths:4)
  A purple draconian (Zot:2)
  2 red draconians
  A green draconian (Zot:1)
  3 black draconians
  A white draconian (Zot:1)
  A spark wasp (Depths:4)
  3 yellow draconians
  An ettin (Orc:2)
  A jiangshi (Depths:2)
  A fire dragon (Depths:5)
  An ogre mage (Depths:2)
  A vault guard (D:13)
  3 hydras
  A ghost crab (Swamp:4)
  A hell beast (Zot:4)
  A centaur warrior (Depths:1)
  A deep troll shaman (Depths:3)
  A spriggan berserker (Depths:5)
  A soul eater (Zot:4)
  6 skeletal warriors (D:13)
  A sixfirhy (Depths:5)
  A wretched star (Abyss:4)
  2 hell knights (Depths:3)
  A flayed ghost (Depths:5)
  A deep troll (Depths:3)
  2 fire giant zombies
  3 orb spiders
  4 ugly things
  A worldbinder (Abyss:4)
  An elephant (Lair:5)
  A moth of wrath (Zot:4)
  A centaur skeleton (D:15)
  2 orange demons (Zot:4)
  A hellion (Zot:1)
  A demonic crawler (Spider:4)
  A yaktaur (Depths:1)
  2 jumping spiders (Spider:4)
  2 hornets
  A large abomination (Abyss:4)
  A hippogriff (shapeshifter) (Depths:5)
  A hippogriff (D:13)
  A water elemental (Depths:1)
  2 tarantellas (Spider:4)
  3 redbacks (Spider:4)
  A spriggan (Swamp:4)
  A wyvern (Lair:5)
  A wraith (D:13)
  A basilisk (D:10)
  A yak (D:13)
  A vampire mosquito (D:12)
  A swamp worm (Swamp:4)
  3 orc warriors (Orc:2)
  A starcursed mass (Abyss:4)
  An ogre (Orc:2)
  A boggart (Depths:1)
  4 orc wizards (Orc:2)
  6 orc priests (Orc:2)
  5 orcs
  A jackal (D:11)
116 creatures vanquished.

Vanquished Creatures (others)
  A deep elf high priest (Depths:4)
  A deep troll (Depths:4)
  An orb spider (Spider:2)
  A slime creature (Depths:4)
  3 jumping spiders (Spider:2)
  5 golden eyes (Abyss:4)
  3 small abominations
  2 starcursed masses (Abyss:4)
  An orc wizard (Orc:2)
  An adder (D:8)
  3 briar patches (Swamp:4)
  2 fungi (Lair:4)
  16 plants
  8 starspawn tentacles
48 creatures vanquished.

Grand Total: 1314 creatures vanquished

Notes
Turn   | Place    | Note
-------+----------+-------------------------------------------
     0 | D:1      | EnegeticOcto the Deep Dwarf Fighter began the quest for the
                  | Orb.
     0 | D:1      | Reached XP level 1. HP: 20/20 MP: 1/1
    54 | D:1      | Found an iron altar of Okawaru.
   125 | D:2      | Reached XP level 2. HP: 27/27 MP: 2/2
   316 | D:3      | Noticed Natasha
   321 | D:3      | Killed Natasha
   321 | D:3      | Reached XP level 3. HP: 31/34 MP: 3/3
   344 | D:3      | Noticed Natasha
   351 | D:3      | Killed Natasha
   393 | D:4      | Reached XP level 4. HP: 36/42 MP: 4/4
   547 | D:4      | Reached XP level 5. HP: 49/49 MP: 5/5
   611 | D:4      | Found a staircase to the Ecumenical Temple.
   631 | Temple   | Entered the Ecumenical Temple
   756 | Temple   | Became a worshipper of Makhleb the Destroyer
  1026 | D:4      | Found a shimmering altar of Xom.
  1062 | D:4      | Reached XP level 6. HP: 54/56 MP: 6/6
  1145 | D:4      | Reached skill level 1 in Invocations
  1279 | D:4      | Reached skill level 5 in Axes
  1325 | D:5      | Entered Level 5 of the Dungeon
  1357 | D:5      | Noticed a water moccasin
  1370 | D:5      | Killed a water moccasin
  1373 | D:5      | Reached XP level 7. HP: 64/64 MP: 8/8
  1945 | D:6      | Reached skill level 5 in Armour
  1986 | D:6      | Reached skill level 5 in Shields
  2162 | D:6      | Reached * piety under Makhleb
  2215 | D:6      | Reached skill level 5 in Fighting
  2215 | D:6      | Reached XP level 8. HP: 58/74 MP: 9/9
  3008 | D:7      | Identified 2 scrolls of acquirement
  3008 | D:7      | Acquired a +2 broad axe of draining
  3011 | D:7      | Acquired the +8 orange crystal plate armour {Archmagi,
                  | Int+3 Clar}
  3012 | D:7      | Found the +8 orange crystal plate armour {Archmagi, Int+3
                  | Clar}
  3198 | D:7      | Reached ** piety under Makhleb
  3212 | D:7      | Found a sand-covered staircase.
  3262 | D:7      | Gained mutation: You passively map the area around you.
                  | [Deep Dwarf growth]
  3262 | D:7      | Reached XP level 9. HP: 82/82 MP: 11/11
  3292 | Ossuary  | Entered an ossuary
  3446 | Ossuary  | Reached *** piety under Makhleb
  3548 | D:7      | Reached skill level 5 in Invocations
  3755 | D:7      | Found the +2 ratskin cloak {*Rats rPois rN+ Str-1 Int-1
                  | Dex+1}
  4099 | D:7      | Reached **** piety under Makhleb
  4419 | D:8      | Noticed Prince Ribbit
  4438 | D:8      | Killed Prince Ribbit
  4438 | D:8      | Reached XP level 10. HP: 94/94 MP: 13/13
  5060 | D:9      | Noticed Grum
  5079 | D:9      | Killed Grum
  5278 | D:9      | Reached ***** piety under Makhleb
  5356 | D:9      | Found a staircase to the Lair.
  5517 | D:10     | Entered Level 10 of the Dungeon
  5519 | D:10     | Reached skill level 10 in Axes
  5620 | D:10     | Found a shattered altar of Ashenzari.
  5693 | D:10     | Found Fuennedu's Book Shop.
  5802 | D:10     | Noticed a red ugly thing
  5802 | D:10     | Noticed a wolf spider
  5802 | D:10     | Noticed a two-headed ogre
  5809 | D:10     | Killed a red ugly thing
  5810 | D:10     | Killed a wolf spider
  5815 | D:10     | Killed a two-headed ogre
  5815 | D:10     | Reached XP level 11. HP: 88/104 MP: 15/15
  5835 | D:10     | Noticed a fire dragon
  5835 | D:10     | Noticed a fire giant
  5835 | D:10     | Noticed a stone giant
  5865 | D:10     | Killed a stone giant
  5866 | D:10     | Killed a fire giant
  5867 | D:10     | Killed a fire dragon
  6396 | D:11     | Reached skill level 1 in Evocations
  6832 | D:11     | Noticed a purple ugly thing
  6832 | D:11     | Noticed a green ugly thing
  6845 | D:11     | Killed a purple ugly thing
  6847 | D:11     | Killed a purple ugly thing
  7007 | D:11     | Noticed a white ugly thing
  7016 | D:11     | Killed a white ugly thing
  7016 | D:11     | Reached XP level 12. HP: 77/116 MP: 17/17
  7241 | D:12     | Reached skill level 10 in Fighting
  7548 | D:12     | Found a staircase to the Orcish Mines.
  7573 | Orc:1    | Entered Level 1 of the Orcish Mines
  7626 | Orc:1    | Found Axeqegasm's Antique Weapon Emporium.
  7943 | Orc:1    | Found Plog's Armour Emporium.
  7975 | Orc:2    | Entered Level 2 of the Orcish Mines
  7991 | Orc:2    | Noticed an ettin
  7998 | Orc:2    | Killed an ettin
  8060 | Orc:2    | Found a roughly hewn altar of Beogh.
  8175 | Orc:2    | Found a runed translucent gate.
  8176 | Orc:2    | Found a runed translucent gate.
  8176 | Orc:2    | Found a runed translucent gate.
  8178 | Orc:2    | Noticed Xenophilius's ghost (journeyman NaWr)
  8179 | Orc:2    | Noticed Sonja
  8180 | Orc:2    | Noticed Sonja
  8180 | Orc:2    | Sonja changed into Sonja the rime drake
  8185 | Orc:2    | Killed Sonja the rime drake
  8238 | Orc:2    | Found a staircase to the Elven Halls.
  8281 | Orc:2    | Noticed Saint Roka
  8299 | Orc:2    | Reached ****** piety under Makhleb
  8309 | Orc:2    | Killed Saint Roka
  8309 | Orc:2    | Reached skill level 10 in Invocations
  8309 | Orc:2    | Reached skill level 5 in Evocations
  8385 | Orc:2    | Noticed an orc high priest
  8395 | Orc:2    | Noticed an orc warlord
  8397 | Orc:2    | Noticed an orc high priest
  8401 | Orc:2    | Noticed an orc high priest
  8405 | Orc:2    | Killed an orc high priest
  8410 | Orc:2    | Reached XP level 13. HP: 126/126 MP: 19/19
  8428 | Orc:2    | Killed an orc warlord
  8428 | Orc:2    | Reached skill level 10 in Armour
  8428 | Orc:2    | Reached skill level 10 in Shields
  8559 | Orc:2    | Found Zisugg's Antique Armour Emporium.
  8560 | Orc:2    | Found Saustriro's Antique Weapon Shoppe.
  8561 | Orc:2    | Found Pemian's General Store.
  8561 | Orc:2    | Found Dehat's Book Emporium.
  8944 | Lair:1   | Entered Level 1 of the Lair of Beasts
  8959 | Lair:1   | Noticed Harold
  8974 | Lair:1   | Killed Harold
  9995 | Lair:3   | Found a hole to the Spider Nest.
 10271 | Lair:3   | Found a staircase to the Swamp.
 10310 | Lair:3   | You fall into a shaft and drop 2 floors!
 10477 | Lair:4   | Noticed Nergalle
 10495 | Lair:4   | Killed Nergalle
 10531 | Lair:4   | Gained mutation: You resist negative energy. (rN+) [Deep
                  | Dwarf growth]
 10531 | Lair:4   | Reached XP level 14. HP: 136/136 MP: 21/21
 11252 | Spider:1 | Entered Level 1 of the Spider Nest
 11255 | Spider:2 | Noticed an emperor scorpion
 11257 | Spider:2 | Noticed Asterion
 11262 | Spider:2 | Noticed an emperor scorpion
 11268 | Spider:2 | Killed an emperor scorpion
 11277 | Spider:2 | Killed Asterion
 11287 | Spider:2 | Noticed an emperor scorpion
 11295 | Spider:2 | Noticed an emperor scorpion
 11296 | Spider:2 | Killed an emperor scorpion
 11316 | Spider:2 | Killed an emperor scorpion
 11322 | Spider:2 | Killed an emperor scorpion
 11476 | Spider:3 | Acquired a manual of Shields
 11798 | Spider:4 | Entered Level 4 of the Spider Nest
 11837 | Spider:4 | Noticed an emperor scorpion
 11859 | Spider:4 | Killed an emperor scorpion
 11944 | Spider:4 | Noticed Louise
 11960 | Spider:4 | Killed Louise
 11989 | Spider:4 | Reached skill level 15 in Axes
 12059 | Spider:4 | Killed a ghost moth
 12059 | Spider:4 | Reached XP level 15. HP: 81/146 MP: 0/22
 12111 | Spider:4 | Killed a ghost moth
 12156 | Spider:4 | Killed a ghost moth
 12164 | Spider:4 | Killed a ghost moth
 12225 | Spider:4 | Got a gossamer rune of Zot
 12440 | Swamp:1  | Entered Level 1 of the Swamp
 12567 | Swamp:3  | Reached skill level 10 in Evocations
 12656 | Swamp:3  | Found the cursed +14 obsidian axe {vorpal, +Fly SInv
                  | *Curse}
 12835 | Swamp:4  | Entered Level 4 of the Swamp
 12842 | Swamp:4  | Noticed a thorn hunter
 12862 | Swamp:4  | Killed a thorn hunter
 12886 | Swamp:4  | Noticed a thorn hunter
 12899 | Swamp:4  | Killed a thorn hunter
 12922 | Swamp:4  | Reached XP level 16. HP: 149/158 MP: 22/22
 12941 | Swamp:4  | Got a decaying rune of Zot
 13191 | D:13     | Found a gate to the Vaults.
 13279 | D:13     | Noticed Urug
 13284 | D:13     | Killed Urug
 13312 | D:13     | Found Yryoll's Jewellery Boutique.
 13313 | D:13     | You are sucked into a shaft and drop 1 floor!
 13694 | D:13     | Found Obiaq's Magic Scroll Emporium.
 13705 | D:13     | Bought a scroll of teleportation for 33 gold pieces
 13705 | D:13     | Bought a scroll of teleportation for 33 gold pieces
 13707 | D:13     | Found Wetregei's Magic Scroll Emporium.
 13726 | D:13     | Bought a scroll of magic mapping for 52 gold pieces
 13833 | D:13     | Found Vuar's Jewellery Boutique.
 14064 | D:13     | Bought the ring "Eromaun" {+Inv rC++ MR+ Int+8 Dex-3} for
                  | 670 gold pieces
 14106 | D:15     | Entered Level 15 of the Dungeon
 14279 | D:15     | Found a staircase to the Depths.
 14294 | D:15     | Cast into level 4 of the Abyss (unwielding a weapon of
                  | distortion)
 14429 | Abyss:4  | Noticed a tentacled starspawn
 14435 | Abyss:4  | Killed a tentacled starspawn
 14455 | Abyss:4  | Noticed a tentacled starspawn
 14463 | Abyss:4  | Killed a tentacled starspawn
 14565 | Abyss:4  | Noticed a tentacled starspawn
 14572 | Abyss:4  | Killed a tentacled starspawn
 14648 | Abyss:4  | Noticed a thorn hunter
 14649 | Abyss:4  | Noticed a deep elf blademaster
 14655 | Abyss:4  | Killed a thorn hunter
 14672 | Abyss:4  | Killed a deep elf blademaster
 14696 | Abyss:4  | Reached XP level 17. HP: 133/168 MP: 21/21
 14727 | Abyss:4  | Noticed a deep elf blademaster
 14740 | Abyss:4  | Killed a deep elf blademaster
 14758 | Abyss:4  | Got an abyssal rune of Zot
 14888 | Abyss:4  | Noticed a tentacled monstrosity
 14902 | Abyss:4  | Killed a tentacled monstrosity
 14902 | Abyss:4  | Reached skill level 15 in Fighting
 14930 | Abyss:4  | Paralysed by accursed screaming for 1 turns
 14950 | Abyss:4  | Paralysed by accursed screaming for 1 turns
 14984 | Abyss:5  | Entered Level 5 of the Abyss
 15087 | Abyss:5  | Reached skill level 15 in Shields
 15178 | D:15     | Escaped the Abyss
 15276 | D:15     | Got a smoking steel ring
 15279 | D:15     | Noticed Roxanne
 15310 | D:15     | Identified the +5 war axe "Xydiff" {antimagic, rPois}
 15414 | D:15     | Reached skill level 15 in Invocations
 15894 | D:13     | Bought a scroll of identify for 30 gold pieces
 15894 | D:13     | Bought a scroll of enchant armour for 112 gold pieces
 15894 | D:13     | Bought a scroll of teleportation for 45 gold pieces
 15894 | D:13     | Identified the ring "Ogacw" {MP+9 Dex+3 SInv} (You found it
                  | on level 15 of the Dungeon)
 16049 | Depths:1 | Entered Level 1 of the Depths
 16251 | Depths:2 | Gained mutation: You passively map a large area around you.
                  | [Deep Dwarf growth]
 16251 | Depths:2 | Reached XP level 18. HP: 181/181 MP: 23/23
 16320 | Depths:2 | Noticed a caustic shrike
 16330 | Depths:2 | Killed a caustic shrike
 16366 | Depths:2 | Paralysed by a floating eye for 4 turns
 16559 | Depths:3 | Found a one-way gate leading to the halls of Pandemonium.
 16569 | Depths:3 | Noticed Margery
 16591 | Depths:3 | Killed Margery
 16699 | Depths:4 | Found a gateway to Hell.
 16799 | Depths:4 | Noticed a tentacled monstrosity
 16808 | Depths:4 | Killed a tentacled monstrosity
 16847 | Depths:4 | Reached XP level 19. HP: 188/190 MP: 23/23
 16902 | Depths:4 | Found a flickering gateway to a bazaar.
 16915 | Depths:4 | Found a one-way gate to the infinite horrors of the Abyss.
 16919 | Bazaar   | Entered a bazaar
 16932 | Bazaar   | Found Ytsuror's Assorted Antiques.
 16932 | Bazaar   | Found Kiewo's Armour Emporium.
 16938 | Bazaar   | Bought a scroll of blinking for 210 gold pieces
 16938 | Bazaar   | Bought a potion of haste for 280 gold pieces
 16968 | Bazaar   | Found Pueps's Weapon Shoppe.
 16968 | Bazaar   | Found Taebbip's Distillery.
 16986 | Bazaar   | Bought a potion of cancellation for 136 gold pieces
 16986 | Bazaar   | Bought a potion of curing for 51 gold pieces
 16986 | Bazaar   | Bought a potion of haste for 170 gold pieces
 16986 | Bazaar   | Bought a potion of curing for 51 gold pieces
 17012 | Depths:5 | Entered Level 5 of the Depths
 17086 | Depths:5 | Reached skill level 15 in Armour
 17339 | Depths:5 | Found a gate to the Realm of Zot.
 17361 | Zot:1    | Entered Level 1 of the Realm of Zot
 17627 | Zot:4    | Noticed an electric golem
 17631 | Zot:4    | Noticed a golden dragon
 17640 | Zot:4    | Killed a golden dragon
 17640 | Zot:4    | Reached XP level 20. HP: 105/204 MP: 5/18
 17742 | Zot:5    | Entered Level 5 of the Realm of Zot
 17859 | Zot:5    | Noticed an ancient lich
 17859 | Zot:5    | Noticed a Killer Klown
 17863 | Zot:5    | Noticed an ancient lich
 17875 | Zot:5    | Got the Orb of Zot
 17879 | Zot:5    | Noticed a Killer Klown
 17881 | Zot:5    | Noticed an ancient lich
 17919 | Zot:5    | Killed an ancient lich
 17995 | Zot:4    | Gained mutation: Your body sometimes deteriorates upon
                  | taking damage. [a cacodemon]
 18087 | Zot:4    | Noticed Pezeishi the pandemonium lord
 18387 | Depths:1 | Noticed Toimox the pandemonium lord
 18401 | Depths:1 | HP: 9/206 [Toimox the pandemonium lord/iron shot (68)]
 18403 | Depths:1 | Killed from afar by a Tzitzimitl

Illustrated notes

Levels and vault maps discovered:
D:1:      elethiomel_arrival_maze, layout_loops_ring, hex_tiny,
          minmay_misc_feat_rows, okawaru_ov_weapons_minmay
D:2:      layout_basic, uniq_jessica
D:3:      layout_rooms, serial_undead, serial_undead_e, serial_undead_d,
          serial_undead_c, serial_undead_c, serial_undead_b, uniq_natasha
D:4:      layout_loops_corners, lemuel_doored_altar,
          minmay_temple_entry_sparse_star
D:5:      layout_gridville, hangedman_decor_growths
D:6:      layout_basic
D:7:      wander_guarded_unrand_ratskin, layout_basic,
          lightli_ossuary_entry_decrepit_ruins
D:8:      layout_layer_cave, minmay_circle_x, uniq_prince_ribbit1
D:9:      layout_cave_pools, erik_lair_orcish_takeover, uniq_grum
D:10:     minmay_shrinking_squares, layout_irregular_city, serial_shops,
          nicolae_shop_crystal, evilmike_ruin_ashenzari
D:11:     layout_basic, minmay_misc_feat_x
D:12:     minmay_bubble_buster, layout_rooms, hiddenorc2_lemuel,
          eino_house_with_fridge
D:13:     layout_rooms, lightli_vaults_fourway_checkpoint, serial_aquarium,
          aquarium_bridge_straight [aquarium_subvault_bridge,
          aquarium_subvault_window, aquarium_subvault_bridge,
          aquarium_subvault_wall], aquarium_bridge_straight
          [aquarium_subvault_bridge, aquarium_subvault_wall,
          aquarium_subvault_bridge, aquarium_subvault_wall], aquarium_window_1,
          aquarium_window_3, aquarium_view_4, aquarium_balcony_3b, serial_shops,
          shop, shop, nicolae_shop_crystal, nicolae_shop_crystal, uniq_urug
D:14:     layout_irregular_city
D:15:     grunt_enter_depths_hoard, layout_basic, minmay_crystal_room,
          hangedman_decor_peaks_small, uniq_roxanne
Temple:   kilobyte_greek_temple
Lair:1:   layout_chaotic_city, grunt_megastairs_2, uniq_harold, uniq_erica
Lair:2:   layout_regular_city, lemuel_fruit_fields
Lair:3:   layout_cave_pods, minmay_swamp_entry_worms,
          nicolae_spider_entry_orb_guardian, grunt_megastairs_5,
          serial_bayou_shore_a
Lair:4:   layout_roguey, serial_rivers, chequers_serial_rivers_small_b,
          chequers_serial_rivers_large_b, chequers_serial_rivers_micro_d,
          chequers_serial_rivers_micro_b, chequers_serial_rivers_micro_b,
          beast_lair_carwin_5, uniq_nergalle
Lair:5:   layout_cave_pods, dpeg_slime_entry_enclosed_altar, beast_lair_carwin_8
Swamp:1:  gammafunk_worm_tunnel, layout_basic_swamp, evilmike_swamp_ruin_house_4
Swamp:2:  layout_basic_swamp, serial_swamp_ruin, hangedman_swamp_ruin_hall,
          evilmike_swamp_ruin_house_1, evilmike_swamp_ruin_rubble_2,
          swamp_pool4, hangedman_swamp_pad
Swamp:3:  layout_falls_marsh, hangedman_swamp_ruin_wall
Swamp:4:  swamp_alternative, layout_basic_swamp
Spider:1: layout_spider_delve, ebering_ghost_disaster_area
Spider:2: layout_spider_delve, ebering_ghost_inner_flame, uniq_asterion
Spider:3: spiders_nest_scorpion_pit, nicolae_arachne_temple
Spider:4: spider_rune_water, uniq_louise, uniq_arachne
Orc:1:    layout_diamond_mine, serial_shops, shop_fountains, shop, shop, shop,
          nicolae_orc_damp_corner
Orc:2:    st_orc_congregation, layout_caves, basic_altar,
          ebering_ghost_rock_garden, uniq_saint_roka, uniq_sonja
Depths:1: layout_cave_pools, chequers_serial_rivers_large_a, hell_entry,
          evilmike_minifort
Depths:2: minmay_the_grid_octo_tiled_squarecenter
          [minmay_the_grid_octo_checkerflower, minmay_the_grid_octo_clover_2,
          minmay_the_grid_octo_thin_diamonds, minmay_the_grid_octo_chip,
          minmay_the_grid_square_5x5_megaprize_diamond,
          minmay_the_grid_square_5x5_tie, minmay_the_grid_square_5x5_z,
          minmay_the_grid_square_5x5_c,
          minmay_the_grid_square_5x5_spiral_small], layout_gridville,
          grunt_decor_one_mirror, hell_entry
Depths:3: impenetrable_vault, layout_gridville, hell_entry,
          chequers_decorated_corner, rand_demon_pan_entry_8, serial_rivers,
          chequers_serial_rivers_room_a, chequers_serial_rivers_marsh,
          chequers_serial_rivers_micro_d, chequers_serial_rivers_marsh,
          kennysheep_generic_room_9, uniq_margery
Depths:4: kennysheep_room_grid, layout_cross, rand_demon_pan_entry_1,
          serial_shops, bzr_entry_dummy, abyss_entry, hell_entry,
          argonaut_fire_from_heaven, infiniplex_staircase_pillars_3a,
          minmay_shop_grove
Depths:5: grunt_bruiser_brothers, layout_cave_pools, enter_ziggurat_a,
          hell_entry, roderic_cross_of_infinity, minmay_room_of_horrors,
          tgw_xom, uniq_enchantress
Zot:1:    layout_misc_corridors
Zot:2:    layout_misc_corridors, st_stairs_13
Zot:3:    layout_gridville, st_grand_hoard_of_tiamat
Zot:4:    cheibrodos_zot_enchanting_chambers, layout_misc_corridors,
          grunt_megastairs_1
Zot:5:    layout_concentric_octagons

Skill      XL: |  1  2  3  4  5  6  7  8  9 10 11 12 13 14 15 16 17 18 19 20 |
---------------+-------------------------------------------------------------+-----
Fighting       | 3 4 5 6 7 8 9 10 11 12 13 14 15 16 18 | 18.7
Axes           | 3 4 5 6 7 9 10 11 12 14 15 16 17 18 | 18.0
Shields        | 4 5 6 7 8 9 10 11 13 14 15 17 18 | 18.6
Armour         | 4 5 6 7 8 9 10 11 12 13 14 15 16 | 16.4
Invocations    | 2 3 4 6 7 9 10 11 12 13 14 15 16 17 18 | 18.4
Evocations     | 3 5 7 9 10 | 10.0

Action                   |  1- 3 |  4- 6 |  7- 9 | 10-12 | 13-15 | 16-18 | 19-21 || total
-------------------------+-------+-------+-------+-------+-------+-------+-------++-------
Melee: Hand axe          |    33 |    78 |    98 |       |       |       |       ||   209
       War axe           |     3 |       |       |       |       |       |       ||     3
       Broad axe         |       |       |   318 |   631 |   902 |  1235 |   540 ||  3626
Invok: Lesser Servant of |       |       |       |     4 |     9 |     4 |     4 ||    21
       Greater Servant o |       |       |       |       |     5 |     1 |     3 ||     9
 Abil: Heal Wounds       |       |     5 |     2 |     7 |     8 |    14 |    44 ||    80
Evoke: Condenser vane    |       |       |       |     2 |     4 |     4 |     3 ||    13
       Wand              |       |       |       |     1 |       |     4 |     3 ||     8
  Use: Scroll            |       |       |    17 |    10 |     7 |     6 |    16 ||    56
       Potion            |       |       |       |       |     1 |       |     4 ||     5
 Stab: Distracted        |       |       |       |     4 |     8 |     8 |     4 ||    24
       Confused          |       |       |       |     1 |     4 |       |       ||     5
Armor: Scale mail        |    11 |    28 |    28 |       |       |       |       ||    67
       Crystal plate arm |       |       |   219 |   496 |  1289 |   796 |   482 ||  3282
Dodge: Dodged            |    10 |    22 |    69 |    98 |   250 |   200 |   136 ||   785
Block: Kite shield       |    17 |    25 |   222 |   395 |   876 |   682 |   442 ||  2659

Table legend: (Time is in decaauts)
 A = Elapsed time spent in this place.
 B = Non-inter-level travel time spent in this place.
 C = Inter-level travel time spent in this place.
 D = Time resting spent in this place.
 E = Time spent auto-exploring this place.
 F = Levels seen in this place.
 G = Mean time per level.
                   A        B        C        D        E       F      G
               +--------+--------+--------+--------+--------+-----+--------+
         Total |  18058 |  16340 |   1718 |     60 |  10177 |  45 |  401.3 |
       Dungeon |   9491 |   8644 |    847 |      0 |   6345 |  15 |  632.7 |
        Temple |    161 |    126 |     35 |      0 |    119 |   1 |  161.0 |
          Lair |   2469 |   2231 |    238 |      0 |   1772 |   5 |  493.8 |
         Swamp |    521 |    433 |     88 |      0 |    100 |   4 |  130.2 |
   Spider Nest |   1096 |    953 |    143 |      0 |    443 |   4 |  274.0 |
  Orcish Mines |   1262 |   1184 |     78 |      7 |    749 |   2 |  631.0 |
        Depths |   1341 |   1167 |    174 |      0 |    317 |   5 |  268.2 |
           Zot |    687 |    574 |    113 |     53 |     36 |   5 |  137.4 |
         Abyss |    734 |    734 |      0 |      0 |    159 |   2 |  367.0 |
        Bazaar |     77 |     77 |      0 |      0 |     66 |   1 |   77.0 |
       Ossuary |    212 |    212 |      0 |      0 |     70 |   1 |  212.0 |
               +--------+--------+--------+--------+--------+-----+--------+

Top non-repeatable levels by time:
  Lair:3: 1125 daAuts
     D:6: 1095 daAuts
     D:7: 1088 daAuts
    D:10: 915 daAuts
    D:15: 914 daAuts
   Orc:2: 846 daAuts
     D:8: 829 daAuts
     D:4: 801 daAuts
    D:11: 767 daAuts
    D:13: 700 daAuts
  Lair:2: 700 daAuts
     D:5: 595 daAuts
 Abyss:4: 583 daAuts
     D:9: 560 daAuts
    D:12: 544 daAuts
